Map: King's Cove LE

Players

Mez

  • Race: Terran Terran
  • League: Master
  • Spawn Location: 5:00

A.I. 1 (Very Easy) - Winner!

  • Race: Zerg Zerg
  • Spawn Location: 11:00

VOD

Have the link to the VOD?

Description

Time

  • Played on: Aug. 14, 2019, 5:57 p.m.
  • Length: 10:50
Show
View Real Time Build Order
Export as new Build Order

Mez Terran 

Build Orders: Liberator Opening, Reaper Expand 

Get SALT Encoding   

  12  0:01  SCV  
  13  0:13  SCV  
  14  0:18  Supply Depot  
  14  0:26  SCV  
  15  0:39  SCV  
  15  0:42  Barracks  
  16  0:45  Refinery  
  16  0:52  SCV  
  17  1:04  SCV  
  18  1:16  SCV  
  19  1:30  Reaper, Orbital Command  
  20  1:44  Command Center  
  20  1:52  Supply Depot  
  20  1:57  SCV  
  21  2:02  Marine  
  22  2:10  SCV  
  22  2:15  Factory  
  23  2:17  Refinery  
  23  2:22  SCV  
  24  2:25  Barracks Reactor  
  24  2:34  SCV  
  25  2:46  SCV  
  26  2:56  Orbital Command  
  26  2:58  SCV  
  27  3:00  Starport  
  27  3:07  Hellion x2  
  27  3:11  SCV  
  32  3:14  Supply Depot  
  32  3:15  Barracks Tech Lab  
  32  3:21  SCV  
  32  3:23  SCV  
  32  3:24  Liberator  
  34  3:31  Hellion x2  
  38  3:36  SCV x2  
  40  3:48  SCV x2  
  45  3:54  Hellion x2  
  49  3:58  Supply Depot  
  49  4:00  SCV  
  49  4:01  SCV  
  51  4:13  SCV x2  
  53  4:27  Command Center  
  53  4:31  Supply Depot  
  53  4:34  SCV x2  
  55  4:39  Hellion x2  
  55  4:40  Factory  
  55  4:43  Banshee  
  55  4:44  Cloaking Field  
  62  4:53  SCV x2  
  62  4:55  Factory, Barracks Tech Lab  
  64  5:04  Supply Depot  
  64  5:05  SCV  
  65  5:07  Hellion x2  
  65  5:13  SCV  
  70  5:24  Barracks Tech Lab  
  70  5:26  SCV, Supply Depot, Banshee  
  74  5:29  SCV  
  74  5:34  Cyclone  
  78  5:38  Hellion x2, SCV  
  78  5:39  Refinery  
  78  5:40  Orbital Command  
  78  5:41  Refinery  
  83  5:53  Cyclone  
  83  5:54  SCV x2  
  88  5:58  Supply Depot  
  88  5:59  Supply Depot  
  88  6:03  Hellion x2  
  92  6:04  Mag-Field Accelerator  
  92  6:06  SCV  
  93  6:12  SCV  
  93  6:14  Orbital Command  
  95  6:18  SCV  
  95  6:24  SCV  
  96  6:25  Cyclone x2  
  96  6:27  Hellion x2  
  96  6:28  Supply Depot  
  96  6:29  Supply Depot  
  106  6:35  Banshee  
  106  6:37  SCV x2  
  111  6:42  SCV  
  111  6:44  Refinery  
  112  6:48  Refinery  
  112  6:49  SCV  
  112  6:50  SCV  
  112  6:54  SCV, Armory  
  115  6:55  Armory  
  115  7:01  SCV  
  115  7:02  SCV  
  115  7:03  Supply Depot  
  115  7:05  Supply Depot  
  115  7:06  SCV  
  118  7:14  SCV x2  
  120  7:17  Cyclone x2  
  120  7:18  Hellion x2, SCV  
  131  7:24  Banshee  
  131  7:26  SCV x2  
  131  7:29  Supply Depot  
  136  7:30  SCV  
  136  7:31  Supply Depot  
  137  7:38  SCV x2  
  137  7:42  SCV  
  140  7:50  SCV x2  
  140  7:51  Terran Vehicle And Ship Armor Level 1, Terran Vehicle Weapons Level 1  
  142  7:52  Factory  
  142  7:53  Factory  
  142  7:54  Engineering Bay, SCV  
  142  7:57  Cyclone x2  
  149  7:59  Hellion x2  
  149  8:02  Infernal Pre-Igniter  
  153  8:09  Supply Depot  
  153  8:11  Supply Depot  
  153  8:22  Hellion x2  
  153  8:26  Command Center  
  157  8:29  Cyclone x2  
  163  8:39  Supply Depot  
  163  8:40  Supply Depot  
  163  8:43  Factory Tech Lab  
  163  8:44  Factory Tech Lab  
  163  8:46  Factory  
  163  8:47  Factory  
  163  8:48  Factory  
  163  8:49  Hellion x2  
  163  8:53  Factory Reactor  
  167  9:04  Missile Turret x2  
  167  9:07  Missile Turret  
  167  9:12  Cyclone x3  
  167  9:13  Hellion x2  
  180  9:33  Factory Tech Lab x3  
  179  9:48  Refinery  
  179  9:49  Command Center  
  179  9:52  Refinery  
  179  9:58  Planetary Fortress  
  179  10:01  Cyclone x5  
  179  10:03  Cyclone  
  179  10:04  Hellion  
Show
View Real Time Build Order
Export as new Build Order

A.I. 1 (Very Easy) Zerg - Winner!

Build Orders: Pool First 

Get SALT Encoding   

  12  0:01  Drone  
  13  0:12  Overlord  
  13  0:18  Drone  
  14  0:36  Spawning Pool  
  14  0:39  Drone  
  14  0:42  Extractor  
  13  0:46  Drone  
  14  0:54  Overlord  
  14  1:23  Zergling x2  
  14  1:25  Queen  
  17  1:34  Roach Warren  
  17  1:36  Extractor  
  17  1:39  Drone  
  16  1:46  Drone  
  17  1:53  Zergling x2  
  18  2:07  Drone  
  19  2:14  Drone  
  20  2:22  Zergling x2, Drone  
  22  2:33  Overlord  
  22  2:38  Drone  
  23  2:45  Drone  
  24  2:51  Roach  
  24  2:52  Drone  
  26  5:14  Drone  
  26  5:19  Zergling x2  
  24  5:21  Drone  
  21  5:28  Drone  
  20  5:36  Drone  
  20  5:43  Drone  
  20  5:48  Zergling x2  
  20  5:50  Drone  
  20  5:57  Drone  
  19  6:05  Drone  
  18  6:12  Drone  
  18  6:18  Roach  
  20  6:19  Drone  
  20  6:26  Drone  
  20  6:33  Drone  
  20  6:40  Drone  
  20  6:47  Roach  
  20  6:48  Drone  
  20  6:55  Drone  
  20  7:02  Drone  
  20  7:09  Drone  
  20  7:15  Roach  
  20  7:17  Drone  
  19  7:31  Lair  
  19  7:36  Drone  
  19  7:43  Drone  
  18  7:50  Drone  
  18  7:52  Roach  
  18  7:57  Drone  
  20  8:04  Drone  
  20  8:18  Drone  
  18  8:20  Roach  
  18  8:25  Drone  
  20  8:28  Overseer  
  20  8:29  Overseer  
  20  8:32  Drone  
  20  8:39  Drone  
  20  8:46  Drone  
  16  8:49  Roach  
  16  8:53  Drone  
  17  9:01  Drone  
  14  9:08  Drone  
  11  9:15  Drone  
  11  9:17  Roach  
  11  9:23  Hatchery  
  11  9:25  Drone  
  12  9:32  Drone  
  12  9:39  Drone  
  12  9:46  Drone  
  8  9:53  Drone, Roach  
  9  10:07  Drone  
  9  10:14  Drone  
  8  10:21  Drone  
  8  10:22  Roach  
  10  10:28  Drone  
  10  10:35  Drone  
Tags
 
Add a new tag
Caveats
  • Supply blocks, unpowered buildings, or Contaminate may cause inaccurate times.
  • Supply counts are checked every 10 seconds.